 Dungeon Crawl Stone Soup version 0.23.1-38-g628c18f423 (webtiles) character file.

Game seed: 18435296106849543734

1818 Banto the Skirmisher (level 8, -1/109 HPs)
             Began as a Demigod Wanderer on Mar 29, 2019.
             Slain by a killer bee (5 damage)
             ... on level 7 of the Dungeon.
             The game lasted 00:08:28 (5854 turns).

Banto the Skirmisher (Demigod Wanderer)             Turns: 5854, Time: 00:08:28

Health: -1/109     AC: 24    Str: 23    XL:     8   Next: 55%
Magic:  14/14      EV:  2    Int: 14    God:
Gold:   302        SH:  0    Dex: 21    Spells: 9/10 levels left

rFire    . . .     SeeInvis +   z - +2 short sword (venom)
rCold    + + .     Gourm    .   (no shield)
rNeg     + + +     Faith    .   (armour currently unavailable)
rPois    +         Spirit   .   (helmet currently unavailable)
rElec    +         Reflect  .   (cloak currently unavailable)
rCorr    +         Harm     .   (gloves currently unavailable)
MR       .....     NoTele   +   (boots currently unavailable)
Stlth    ++........             (no amulet)
HPRegen  0.00/turn              u - ring "Eciurche" {Ice Str+6}
MPRegen  0.14/turn              x - ring of see invisible

@: lethally poisoned (-1 -> -16), tree-form (expiring), resistant, hasted, very
quick
A: agile 1, high mp 2, inhibited regeneration
a: no special abilities


You were on level 7 of the Dungeon.
You were not hungry.
You were a tree.
You visited 1 branch of the dungeon, and saw 7 of its levels.

You collected 302 gold pieces.

Inventory:

Hand Weapons
 b - a +2 short sword of draining
 z - a +2 short sword of venom (weapon)
Missiles
 d - 2 javelins (quivered)
Armour
 j - a +2 pair of boots (melded)
 n - a +0 pair of gloves (melded)
 o - a +0 scale mail (melded)
Jewellery
 u - the ring "Eciurche" (left branch) {Ice Str+6}
   (You found it on level 5 of the Dungeon)

   [ring of ice]

   It enhances your ice magic.
   It affects your strength (+6).
   It makes you vulnerable to fire.
   It protects you from cold.
 x - a ring of see invisible (right branch)
Wands
 m - a wand of flame (36)
 v - a wand of digging (5)
Scrolls
 c - 3 scrolls of teleportation
 i - a scroll of remove curse
 q - a scroll of enchant weapon
 s - 2 scrolls of magic mapping
 t - a scroll of amnesia
Potions
 a - a potion of agility
 h - 2 potions of cancellation
 k - 2 potions of berserk rage {unknown}
 l - 4 potions of resistance
 p - 2 potions of lignification
 A - a potion of curing {unknown}
 B - a potion of magic {unknown}
Comestibles
 f - 18 rations


   Skills:
 + Level 7.4 Fighting
 - Level 1.5 Short Blades
 + Level 4.2 Armour
 - Level 5.5 Dodging
 - Level 1.7 Stealth
   Level 1.0 Shields
 - Level 1.7 Spellcasting
   Level 1.0 Hexes
   Level 1.7 Air Magic


You had 9 spell levels left.
You knew the following spells:

 Your Spells              Type           Power        Failure   Level  Hunger
a - Animate Skeleton      Necr           N/A          24%         1    ##.....

Your spell library contained the following spells:

 Spells                   Type           Power        Failure   Level  Hunger
 Beastly Appendage        Tmut           #.....       24%         1    ##.....
 Sticks to Snakes         Tmut           #.......     36%         2    ###....
 Spider Form              Tmut/Pois      #.........   58%         3    ####...
 Vampiric Draining        Necr           #.........   58%         3    ####...
 Ice Form                 Ice/Tmut       #.......     94%         4    #####..
 Blade Hands              Tmut           #.........   100%        5    ######.


Dungeon Overview and Level Annotations

Branches:
Dungeon (7/15)             Temple (0/1) D:6


Innate Abilities, Weirdness & Mutations

You have a considerably increased reservoir of magic. (+20% MP)
((You are partially covered in molten scales. (AC +2)))
You are agile. (Dex +2)
You do not regenerate when monsters are visible.


Message History

Your transformation is almost over.
You feel sick.
The killer bee stings you but does no damage. x2
You closely miss the killer bee.
The killer bee stings you but does no damage. x2
You hit the killer bee.
The killer bee is poisoned.
The killer bee is lightly wounded.
You feel sick.
The killer bee stings you but does no damage. x2
You miss the killer bee.
The killer bee is moderately wounded.
The killer bee stings you.
* * * LOW HITPOINT WARNING * * *
You are more poisoned.
The killer bee poisons you!
The killer bee stings you but does no damage.
It was a potion of haste.
You feel yourself speed up.
* * * LOW HITPOINT WARNING * * *
You feel sick. The killer bee stings you.
You die...

..##..###
.....(..#
..♣...#.# ###
.♣.♣....# ..#
♣.♣.♣...# #.#
.♣.♣.♣..# #.#
♣._.♣.♣.## #.#
.♣.♣.♣...# #y#
♣.♣.♣....# #####♣#
.♣.♣.)...###.....#
..♣...#......#####
........####.#
......### #.#
.####.# #.# .. .
#.# #. #.# #.#


You could see a killer bee.

Vanquished Creatures
  Sigmund (D:4)
  Duvessa (D:7)
  An orc warrior (D:6)
  A centaur (D:5)
  3 bullfrogs (D:6)
  Dowan (D:7)
  2 scorpions (D:4)
  5 killer bees (D:7)
  A crimson imp (D:5)
  4 hounds
  A quasit (D:5)
  2 bullfrog skeletons
  An orc priest (D:3)
  A centaur skeleton (D:7)
  An iguana (D:5)
  Terence (D:3)
  4 orc wizards
  4 worker ants
  5 hound skeletons
  5 adders
  A shadow imp (D:6)
  An ooze (D:1)
  2 adder skeletons (D:4)
  2 worms (D:2)
  6 dart slugs
  4 leopard geckos
  23 orcs
  7 giant cockroaches
  8 goblins
  5 hobgoblins
  3 jackals (D:4)
  2 quokkas
  5 ball pythons
  8 bats
  3 frilled lizards
  9 kobolds
  A quokka skeleton (D:4)
  12 rats
147 creatures vanquished.

Notes
Turn   | Place    | Note
-------+----------+-------------------------------------------
     0 | D:1      | Banto the Demigod Wanderer began the quest for the Orb.
     0 | D:1      | Banto set off with the following items: a +2 short sword, a
                  | scroll of teleportation, a +0 robe, a +0 dagger, a ration;
                  | and the following spell memorised: Animate Skeleton; and
                  | the following spells available to memorise: Vampiric
                  | Draining
     0 | D:1      | Reached XP level 1. HP: 16/16 MP: 5/5
   364 | D:1      | Reached XP level 2. HP: 19/23 MP: 7/7
   651 | D:2      | Reached skill level 2 in Fighting
   698 | D:2      | Reached skill level 1 in Dodging
   970 | D:2      | Reached XP level 3. HP: 29/29 MP: 8/8
  1611 | D:3      | Reached XP level 4. HP: 37/37 MP: 9/9
  1674 | D:3      | Found a glowing golden altar of the Shining One.
  2070 | D:3      | Reached skill level 3 in Fighting
  2341 | D:3      | Noticed Terence
  2360 | D:3      | Killed Terence
  2360 | D:3      | Reached XP level 5. HP: 42/45 MP: 10/10
  2707 | D:4      | Reached skill level 4 in Fighting
  2812 | D:4      | Reached XP level 6. HP: 48/52 MP: 11/11
  3170 | D:4      | Noticed Sigmund
  3209 | D:4      | Killed Sigmund
  3209 | D:4      | Reached skill level 5 in Fighting
  3209 | D:4      | Reached XP level 7. HP: 8/61 MP: 12/12
  3748 | D:5      | Entered Level 5 of the Dungeon
  3890 | D:5      | Reached skill level 5 in Dodging
  4206 | D:5      | Got a glittering jade ring
  4208 | D:5      | Identified the ring "Eciurche" {Ice Str+6} (You found it on
                  | level 5 of the Dungeon)
  4859 | D:6      | Found a sacrificial altar of Ru.
  4890 | D:6      | Reached skill level 6 in Fighting
  4909 | D:6      | Found a staircase to the Ecumenical Temple.
  4914 | D:6      | Reached skill level 1 in Armour
  5077 | D:6      | Reached XP level 8. HP: 68/71 MP: 13/13
  5745 | D:7      | Noticed Dowan
  5747 | D:7      | Noticed Duvessa
  5776 | D:7      | Killed Duvessa
  5776 | D:7      | Reached skill level 7 in Fighting
  5778 | D:7      | Killed Dowan
  5797 | D:7      | Found an iron altar of Okawaru.
  5837 | D:7      | Gained mutation: You are agile. (Dex +2) [potion of
                  | mutation]
  5837 | D:7      | Gained mutation: You do not regenerate when monsters are
                  | visible. [potion of mutation]
  5837 | D:7      | Gained mutation: You are partially covered in molten
                  | scales. (AC +2) [potion of mutation]
  5837 | D:7      | Gained mutation: You have a considerably increased
                  | reservoir of magic. (+20% MP) [potion of mutation]
  5838 | D:7      | HP: 5/109 [killer bee (2)]
  5853 | D:7      | HP: 5/109 [killer bee (3)]
  5854 | D:7      | Slain by a killer bee

Skill      XL: |  1  2  3  4  5  6  7  8 |
---------------+-------------------------+-----
Fighting       | 2 3 4 5 6 7 |  7.4
Dodging        | 1 2 3 4 5 |  5.5
Armour         | 2 4 |  4.2
Short Blades   | |  1.5
Stealth        | |  1.7
Shields        | |  1.0
Spellcasting   | |  1.7
Hexes          | |  1.0
Air Magic      | |  1.7

Action                   |  1- 3 |  4- 6 |  7- 9 || total
-------------------------+-------+-------+-------++-------
Melee: Short sword       |   115 |   177 |   264 ||   556
Evoke: Wand              |       |       |     1 ||     1
  Use: Scroll            |     3 |     3 |     6 ||    12
       Potion            |       |       |     7 ||     7
 Stab: Sleeping          |     8 |     2 |       ||    10
       Paralysed         |       |       |     1 ||     1
  Eat: Chunk             |     2 |     6 |     8 ||    16
Armor: Robe              |    28 |     9 |       ||    37
       Scale mail        |       |    58 |   139 ||   197
       Skin              |       |       |    30 ||    30
Dodge: Dodged            |    60 |    87 |   166 ||   313
